[ AOE2 MATCH · #504691099 ]
UnrankedAztecs vs Vikings
Player's team · WIN
Rival team · LOSS
[ REPLAY ANALYSIS · EXTRACTED FROM THE RECORDED GAME ]
Feudal
12:47
Castle
16:42
Imperial
—
| APM avg | 74.6 |
| APM peak | 110 |
| eAPM avg | 42.7 |
| Villagers / military | 111 / 57 |
Focus
⚔️ 50.0% · 🌾 50.0%
Eagle Scout ×25 · Jaguar Warrior ×18 · Monk ×10 · Militia ×3 · Mangonel ×1
Feudal
8:51
Castle
21:30
Imperial
—
| APM avg | 30.3 |
| APM peak | 62 |
| eAPM avg | 16.4 |
| Villagers / military | 68 / 68 |
Focus
⚔️ 34.7% · 🌾 65.3%
Militia ×48 · Archer ×11 · Battering Ram ×6 · Skirmisher ×2 · Scout Cavalry ×1
Match map
Initial resources + every placement click. Lines = walls · curves = elevation contours. ◆ gold · ⬟ stone · ● berries · ✦ relic · ◌ wall gap
Your base· ✓ Closed at 16:42 · 40t walls · no gate
Dodo's base· ✓ Closed at 21:30 · 9t walls · 2 gate(s)
Smoothed initial terrain · ◌ = detected wall gap · hover for details
Inputs per minute
— itsa true - - Dodo
Build order — itsa true
First 150 of 319 actions detected
| 0:00 | Queue | Villager (Male) |
| 0:01 | Queue | Villager (Male) |
| 0:01 | Queue | Villager (Male) |
| 0:03 | Build | House |
| 0:04 | Build | House |
| 0:09 | Queue | Villager (Male) |
| 1:33 | Build | Lumber Camp |
| 1:36 | Queue | Villager (Male) |
| 1:37 | Queue | Villager (Male) |
| 1:41 | Queue | Villager (Male) |
| 2:21 | Queue | Villager (Male) |
| 2:46 | Queue | Villager (Male) |
| 3:06 | Queue | Villager (Male) |
| 3:27 | Queue | Villager (Male) |
| 3:52 | Build | House |
| 3:59 | Queue | Villager (Male) |
| 4:16 | Queue | Villager (Male) |
| 4:18 | Build | Barracks |
| 4:47 | Build | House |
| 4:51 | Queue | Villager (Male) |
| 5:17 | Queue | Militia |
| 5:18 | Queue | Militia |
| 5:19 | Queue | Villager (Male) |
| 5:37 | Build | House |
| 5:38 | Queue | Villager (Male) |
| 5:41 | Queue | Militia |
| 6:07 | Build | Mill |
| 6:12 | Queue | Villager (Male) |
| 6:24 | Queue | Villager (Male) |
| 6:27 | Build | Palisade Wall |
| 6:52 | Queue | Villager (Male) |
| 7:07 | Research | Loom |
| 7:22 | Build | Palisade Wall |
| 7:32 | Queue | Villager (Male) |
| 7:49 | Build | House |
| 7:51 | Build | Palisade Wall |
| 8:04 | Build | House |
| 8:13 | Queue | Villager (Male) |
| 8:24 | Build | Mining Camp |
| 8:26 | Queue | Villager (Male) |
| 9:04 | Build | Palisade Wall |
| 9:12 | Queue | Villager (Male) |
| 9:18 | Build | Mill |
| 9:47 | Queue | Villager (Male) |
| 10:08 | Build | Palisade Wall |
| 10:10 | Build | Palisade Wall |
| 10:10 | Queue | Villager (Male) |
| 10:13 | Build | Palisade Wall |
| 10:18 | Research | Feudal Age |
| 10:24 | Build | House |
| 11:04 | Build | Palisade Wall |
| 11:29 | Build | Farm |
| 11:36 | Queue | Villager (Male) |
| 12:00 | Build | Farm |
| 12:34 | Queue | Villager (Male) |
| 12:47 | Age | Feudal Age |
| 12:49 | Build | Market |
| 12:54 | Build | Blacksmith |
| 13:06 | Build | Farm |
| 13:09 | Build | Farm |
| 13:27 | Build | House |
| 13:29 | Queue | Villager (Male) |
| 13:42 | Research | Double-Bit Axe |
| 13:43 | Research | Double-Bit Axe |
| 13:50 | Build | House |
| 14:01 | Research | Castle Age |
| 14:11 | Build | Farm |
| 14:15 | Queue | Eagle Scout |
| 14:30 | Build | House |
| 14:35 | Build | Farm |
| 14:36 | Build | Farm |
| 14:46 | Queue | Eagle Scout |
| 14:52 | Research | Horse Collar |
| 14:52 | Research | Horse Collar |
| 15:12 | Build | House |
| 15:13 | Build | House |
| 15:26 | Queue | Eagle Scout |
| 15:43 | Queue | Villager (Male) |
| 15:46 | Research | Scale Mail Armor |
| 15:47 | Research | Scale Mail Armor |
| 16:20 | Queue | Eagle Scout |
| 16:25 | Queue | Villager (Male) |
| 16:42 | Age | Castle Age |
| 17:07 | Queue | Villager (Male) |
| 17:13 | Build | Monastery |
| 17:15 | Queue | Eagle Scout |
| 17:22 | Research | Squires |
| 17:29 | Build | Lumber Camp |
| 17:31 | Build | Farm |
| 17:32 | Build | Farm |
| 17:33 | Build | Farm |
| 17:35 | Build | Farm |
| 17:36 | Build | Farm |
| 17:38 | Build | Farm |
| 17:39 | Queue | Villager (Male) |
| 17:40 | Research | Bow Saw |
| 17:47 | Build | House |
| 17:51 | Build | House |
| 17:55 | Research | Arson |
| 17:58 | Research | Eagle Warrior (upgrade) |
| 18:02 | Queue | Eagle Scout |
| 18:12 | Build | Palisade Gate |
| 18:13 | Build | House |
| 18:31 | Queue | Monk |
| 18:33 | Queue | Villager (Male) |
| 18:42 | Queue | Eagle Scout |
| 18:45 | Build | Lumber Camp |
| 18:58 | Build | House |
| 19:01 | Queue | Villager (Male) |
| 19:13 | Queue | Villager (Male) |
| 19:19 | Build | House |
| 19:21 | Queue | Eagle Scout |
| 19:33 | Build | House |
| 19:34 | Build | House |
| 19:41 | Research | Arson |
| 19:41 | Research | Arson |
| 19:42 | Queue | Villager (Male) |
| 19:54 | Queue | Monk |
| 20:01 | Queue | Villager (Male) |
| 20:05 | Queue | Villager (Male) |
| 20:13 | Build | Town Center |
| 20:19 | Queue | Villager (Male) |
| 20:21 | Build | Farm |
| 20:35 | Queue | Eagle Scout |
| 20:43 | Queue | Villager (Male) |
| 20:51 | Queue | Eagle Scout |
| 20:53 | Queue | Villager (Male) |
| 20:59 | Queue | Eagle Scout |
| 21:01 | Queue | Villager (Male) |
| 21:03 | Build | Barracks |
| 21:09 | Build | Farm |
| 21:09 | Build | Farm |
| 21:12 | Build | Farm |
| 21:13 | Build | Farm |
| 21:13 | Build | Farm |
| 21:22 | Queue | Villager (Male) |
| 21:27 | Queue | Monk |
| 21:37 | Research | Wheelbarrow |
| 21:38 | Research | Wheelbarrow |
| 21:41 | Build | Farm |
| 21:43 | Queue | Villager (Male) |
| 21:57 | Queue | Villager (Male) |
| 22:02 | Queue | Eagle Scout |
| 22:07 | Queue | Villager (Male) |
| 22:36 | Queue | Villager (Male) |
| 22:37 | Queue | Villager (Male) |
| 22:37 | Queue | Villager (Male) |
| 22:41 | Build | Town Center |
| 22:42 | Queue | Eagle Scout |
| 22:45 | Queue | Villager (Male) |
Build order — Dodo
First 150 of 229 actions detected
| 0:00 | Queue | Villager (Male) |
| 0:01 | Queue | Villager (Male) |
| 0:02 | Build | House |
| 0:04 | Build | House |
| 0:08 | Queue | Villager (Male) |
| 0:08 | Queue | Villager (Male) |
| 0:08 | Queue | Villager (Male) |
| 1:27 | Queue | Villager (Male) |
| 1:27 | Queue | Villager (Male) |
| 2:00 | Queue | Villager (Male) |
| 2:00 | Queue | Villager (Male) |
| 2:22 | Queue | Villager (Male) |
| 2:23 | Queue | Villager (Male) |
| 2:43 | Queue | Villager (Male) |
| 2:44 | Queue | Villager (Male) |
| 3:01 | Queue | Villager (Male) |
| 3:01 | Queue | Villager (Male) |
| 3:25 | Build | House |
| 3:50 | Queue | Villager (Male) |
| 3:53 | Build | Lumber Camp |
| 3:59 | Build | Lumber Camp |
| 4:01 | Queue | Villager (Male) |
| 4:01 | Queue | Villager (Male) |
| 5:00 | Queue | Villager (Male) |
| 5:00 | Queue | Villager (Male) |
| 5:24 | Queue | Villager (Male) |
| 5:40 | Build | Mill |
| 6:04 | Queue | Villager (Male) |
| 6:36 | Research | Feudal Age |
| 7:13 | Build | House |
| 7:46 | Build | Palisade Gate |
| 7:50 | Build | House |
| 8:26 | Queue | Villager (Male) |
| 8:51 | Age | Feudal Age |
| 8:53 | Queue | Villager (Male) |
| 9:01 | Research | Loom |
| 9:17 | Build | Barracks |
| 9:33 | Build | Palisade Wall |
| 9:37 | Build | Palisade Wall |
| 9:56 | Queue | Villager (Male) |
| 9:56 | Queue | Villager (Male) |
| 10:10 | Queue | Villager (Male) |
| 10:15 | Build | Palisade Wall |
| 10:27 | Build | Archery Range |
| 10:36 | Queue | Villager (Male) |
| 10:43 | Queue | Villager (Male) |
| 11:08 | Queue | Villager (Male) |
| 11:15 | Build | Mining Camp |
| 11:29 | Queue | Archer |
| 11:29 | Queue | Archer |
| 11:53 | Research | Double-Bit Axe |
| 12:14 | Queue | Skirmisher |
| 12:22 | Queue | Villager (Male) |
| 12:31 | Build | Mill |
| 12:39 | Queue | Villager (Male) |
| 12:41 | Queue | Skirmisher |
| 12:43 | Queue | Archer |
| 12:48 | Build | House |
| 12:51 | Build | House |
| 13:03 | Queue | Villager (Male) |
| 13:06 | Build | Farm |
| 13:07 | Build | Farm |
| 13:11 | Build | Farm |
| 13:14 | Build | Farm |
| 13:18 | Build | Palisade Wall |
| 13:19 | Build | Palisade Wall |
| 13:20 | Build | Palisade Wall |
| 13:21 | Build | Palisade Wall |
| 13:27 | Queue | Archer |
| 13:33 | Queue | Archer |
| 13:33 | Queue | Archer |
| 13:40 | Build | Farm |
| 13:41 | Queue | Villager (Male) |
| 14:12 | Queue | Villager (Male) |
| 14:13 | Queue | Villager (Male) |
| 14:32 | Build | Blacksmith |
| 14:36 | Build | Farm |
| 14:39 | Build | Farm |
| 14:40 | Queue | Villager (Male) |
| 14:41 | Queue | Archer |
| 14:41 | Queue | Archer |
| 14:41 | Queue | Archer |
| 15:00 | Queue | Villager (Male) |
| 15:12 | Queue | Archer |
| 15:19 | Build | Lumber Camp |
| 15:22 | Build | Farm |
| 15:25 | Build | Farm |
| 15:31 | Build | Farm |
| 15:35 | Queue | Archer |
| 15:49 | Queue | Villager (Male) |
| 15:53 | Build | Farm |
| 15:56 | Build | House |
| 15:57 | Build | House |
| 16:05 | Research | Fletching |
| 16:14 | Build | Farm |
| 16:49 | Build | House |
| 16:54 | Build | House |
| 16:56 | Build | House |
| 17:01 | Build | Palisade Gate |
| 17:17 | Queue | Villager (Male) |
| 17:32 | Build | Market |
| 17:36 | Build | House |
| 17:38 | Build | House |
| 17:42 | Build | House |
| 17:46 | Queue | Villager (Male) |
| 18:03 | Build | Farm |
| 18:07 | Build | House |
| 18:23 | Build | Stone Wall |
| 18:25 | Queue | Villager (Male) |
| 18:41 | Research | Castle Age |
| 18:41 | Research | Castle Age |
| 18:46 | Build | Stone Wall |
| 18:53 | Build | Barracks |
| 19:03 | Build | Farm |
| 19:14 | Research | Man-at-Arms (upgrade) |
| 19:14 | Queue | Militia |
| 19:14 | Queue | Militia |
| 19:15 | Queue | Militia |
| 19:46 | Research | Scale Mail Armor |
| 19:54 | Queue | Militia |
| 19:54 | Queue | Militia |
| 20:04 | Queue | Villager (Male) |
| 20:08 | Build | Farm |
| 20:22 | Queue | Militia |
| 20:23 | Queue | Militia |
| 20:34 | Research | Forging |
| 20:34 | Research | Forging |
| 21:01 | Build | Farm |
| 21:04 | Build | Farm |
| 21:07 | Queue | Militia |
| 21:08 | Queue | Militia |
| 21:09 | Queue | Militia |
| 21:22 | Build | Farm |
| 21:30 | Age | Castle Age |
| 21:34 | Research | Long Swordsman (upgrade) |
| 21:47 | Research | Squires |
| 22:09 | Queue | Villager (Male) |
| 22:14 | Build | Farm |
| 22:15 | Build | Farm |
| 22:19 | Queue | Militia |
| 22:19 | Queue | Militia |
| 22:36 | Build | Siege Workshop |
| 22:38 | Queue | Militia |
| 22:38 | Queue | Militia |
| 22:39 | Queue | Militia |
| 22:40 | Queue | Villager (Male) |
| 22:54 | Queue | Villager (Male) |
| 23:00 | Build | Farm |
| 23:03 | Build | Farm |
| 23:44 | Queue | Militia |
Match timeline
| 4:18 | itsa true · first_building Barracks |
| 6:27 | itsa true · wall_segment Palisade Wall x10 |
| 7:22 | itsa true · wall_segment Palisade Wall x9 |
| 7:51 | itsa true · wall_segment Palisade Wall x11 |
| 8:51 | Dodo · age_up feudal |
| 9:04 | itsa true · wall_segment Palisade Wall x1 |
| 9:17 | Dodo · first_building Barracks |
| 9:33 | Dodo · wall_segment Palisade Wall x1 |
| 9:37 | Dodo · wall_segment Palisade Wall x1 |
| 10:08 | itsa true · wall_segment Palisade Wall x2 |
| 10:10 | itsa true · wall_segment Palisade Wall x5 |
| 10:13 | itsa true · wall_segment Palisade Wall x2 |
| 10:15 | Dodo · wall_segment Palisade Wall x1 |
| 10:27 | Dodo · first_building Archery Range |
| 11:04 | itsa true · wall_segment Palisade Wall x1 |
| 12:47 | itsa true · age_up feudal |
| 13:18 | Dodo · wall_segment Palisade Wall x1 |
| 13:19 | Dodo · wall_segment Palisade Wall x1 |
| 13:20 | Dodo · wall_segment Palisade Wall x1 |
| 13:21 | Dodo · wall_segment Palisade Wall x1 |
| 13:55 | itsa true · first_market_sell 100 stone |
| 13:55 | itsa true · first_market_buy 100 food |
| 16:42 | itsa true · age_up castle |
| 17:13 | itsa true · first_building Monastery |
| 18:23 | Dodo · wall_segment Stone Wall x1 |
| 18:32 | Dodo · first_market_sell 100 wood |
| 18:33 | Dodo · first_market_buy 100 food |
| 18:46 | Dodo · wall_segment Stone Wall x1 |
| 21:30 | Dodo · age_up castle |
| 22:36 | Dodo · first_building Siege Workshop |
| 24:24 | Dodo · first_building Stable |
| 26:05 | Dodo · wall_segment Palisade Wall x1 |
| 26:06 | Dodo · wall_segment Palisade Wall x1 |
| 26:07 | Dodo · wall_segment Palisade Wall x1 |
| 27:39 | itsa true · wall_segment Stone Wall x1 |
| 28:37 | itsa true · first_building Siege Workshop |
| 28:56 | itsa true · first_building Castle |
| 30:55 | itsa true · wall_segment Stone Wall x1 |
| 31:13 | Dodo · wall_segment Palisade Wall x1 |
| 32:11 | Dodo · resign |
[ AI ANALYSIS · 1 CREDIT ]
What really happened in this match?
Wolo.gg analyzes every decision: build order, eco, micro, common mistakes by bracket. Personalized analysis on WhatsApp or Discord in 30 seconds.
Civ guide
Aztecs
Perfil
Jugador #10802610